 Dungeon Crawl Stone Soup version 0.25-a0-1024-gbfbf38f2cb (webtiles) character file.

Game seed: 15538112617750770515, levelgen mode: deterministic

1798 Flugslaktarn the Chopper (level 8, 0/64 HPs)
             Began as a Mummy Fighter on May 12, 2020.
             Slain by Prince Ribbit (10 damage)
             ... on level 8 of the Dungeon.
             The game lasted 00:03:39 (6776 turns).

Flugslaktarn the Chopper (Mummy Fighter)            Turns: 6776, Time: 00:03:40

Health: 0/64       AC:  8    Str: 26    XL:     8   Next: 83%
Magic:  8/8        EV:  8    Int:  7    God:
Gold:   344        SH: 10    Dex: 12    Spells: 7/7 levels left

rFire    . . .     SeeInvis .   d - +0 short sword (elec)
rCold    + . .     Gourm    .   c - +0 kite shield
rNeg     + + +     Faith    .   b - +0 scale mail
rPois    ∞         Spirit   .   n - +0 helmet
rElec    .         Reflect  .   (no cloak)
rCorr    .         Harm     .   (no gloves)
MR       +....                  (no boots)
Stlth    ..........             (no amulet)
HPRegen  0.20/turn              i - +5 ring of strength
MPRegen  0.11/turn              f - ring of protection from fire

@: no status effects
A: no food or potions, fire vulnerability, cold resistance 1, negative energy
resistance 3, torment resistance, unbreathing
a: no special abilities


You were on level 8 of the Dungeon.
You were not hungry.

You visited 1 branch of the dungeon, and saw 8 of its levels.

You collected 344 gold pieces.

Inventory:

Hand Weapons
 a - a +0 war axe
 d - a +0 short sword of electrocution (weapon)
   (You took it off an orc on level 3 of the Dungeon)
 h - a +1 hand axe of flaming
   (You found it on level 6 of the Dungeon)
Armour
 b - a +0 scale mail (worn)
 c - a +0 kite shield (worn)
 n - a +0 helmet (worn)
   (You found it on level 4 of the Dungeon)
Jewellery
 f - a ring of protection from fire (right hand)
   (You found it on level 5 of the Dungeon)
 i - a +5 ring of strength (left hand)
   (You found it on level 3 of the Dungeon)
 k - an uncursed ring of resist corrosion
   (You found it on level 1 of the Dungeon)
Wands
 l - a wand of paralysis (9)
   (You found it on level 5 of the Dungeon)
 m - a wand of acid (10)
   (You found it on level 5 of the Dungeon)
 v - a wand of digging (4)
   (You found it on level 5 of the Dungeon)
Scrolls
 e - a scroll of enchant weapon
 g - 2 scrolls of random uselessness {unknown}
 j - a scroll of magic mapping {unknown}
 o - a scroll of immolation
 r - 6 scrolls of identify
 x - 4 scrolls of remove curse


   Skills:
 + Level 5.9 Fighting
 * Level 6.2 Axes
 + Level 4.9 Armour
 + Level 4.9 Shields


You had 7 spell levels left.
You didn't know any spells.
Your spell library was empty.

Dungeon Overview and Level Annotations

Branches:
Dungeon (8/15)
 Temple: D:4-7         Lair: D:8-11

Altars:
Ashenzari
Elyvilon
Sif Muna
Wu Jian
Yredelemnul
Zin

Annotations:
D:7 Dowan, Duvessa
D:8 Prince Ribbit


Innate Abilities, Weirdness & Mutations

You do not eat or drink.
Your flesh is vulnerable to fire.
You are immune to poison.
Your flesh is cold resistant. (rC+)
You are immune to negative energy. (rN+++)
You are immune to unholy pain and torment.
You can survive without breathing.


Message History

Prince Ribbit is lightly wounded.
You block Prince Ribbit's attack. Prince Ribbit barely misses you.
You barely miss Prince Ribbit.
Prince Ribbit is lightly wounded.
Prince Ribbit hits you. Prince Ribbit completely misses you.
You closely miss Prince Ribbit. You block Prince Ribbit's attack.
Prince Ribbit lets out a mournful croak.
Prince Ribbit closely misses you.
You hit Prince Ribbit.
Prince Ribbit is lightly wounded.
Prince Ribbit hits you.
You miss Prince Ribbit.
Prince Ribbit is lightly wounded.
You block Prince Ribbit's attack. x2
You closely miss Prince Ribbit.
Prince Ribbit is lightly wounded.
Prince Ribbit hits you!
* * * LOW HITPOINT WARNING * * *
Prince Ribbit hits you!
You die...

#.#.####....
#...##..?...
###†##.#....
#####...#....
###.....######.
####...##### #.
###....### #.
#...########
....
#.F@........
####
#.....#########
........##
?....##.# .#.##
#.# .. #.. .
##. .


You could see Prince Ribbit.

Vanquished Creatures
  Edmund (D:5)
  A sky beast (D:6)
  Blork the orc (D:5)
  3 bullfrogs
  2 scorpions
  6 killer bees (D:8)
  2 howler monkeys (D:4)
  A crimson imp (D:6)
  A centaur skeleton (D:6)
  5 hounds
  4 orc priests
  5 orc wizards
  7 worker ants
  A hound skeleton (D:5)
  A worker ant zombie (D:6)
  4 gnolls (D:3)
  5 adders
  A shadow imp (D:7)
  An ooze (D:2)
  An adder zombie (D:5)
  3 worms
  A dart slug (D:1)
  4 leopard geckos
  19 orcs
  4 giant cockroaches
  7 hobgoblins
  14 jackals
  3 quokkas
  3 ball pythons
  7 bats
  A frilled lizard (D:4)
  A giant cockroach zombie (D:5)
  8 goblins
  12 kobolds
  7 rats
147 creatures vanquished.

Notes
Turn   | Place    | Note
-------+----------+-------------------------------------------
     0 | D:1      | Flugslaktarn the Mummy Fighter began the quest for the Orb.
     0 | D:1      | Reached XP level 1. HP: 18/18 MP: 1/1
   341 | D:1      | Reached XP level 2. HP: 21/24 MP: 2/2
   348 | D:1      | Reached skill level 2 in Axes
   764 | D:1      | Reached XP level 3. HP: 27/29 MP: 3/3
  1125 | D:2      | Found a faded altar of an unknown god.
  1525 | D:2      | Reached XP level 4. HP: 33/35 MP: 4/4
  1748 | D:2      | Found a glowing silver altar of Zin.
  1841 | D:3      | Found a basalt altar of Yredelemnul.
  2193 | D:3      | Found an ornate altar of the Wu Jian Council.
  2292 | D:3      | Found a shattered altar of Ashenzari.
  2297 | D:3      | Reached skill level 3 in Axes
  2297 | D:3      | Reached XP level 5. HP: 40/42 MP: 5/5
  3005 | D:4      | Reached XP level 6. HP: 39/48 MP: 6/6
  3631 | D:4      | Reached skill level 4 in Axes
  3693 | D:4      | Reached XP level 7. HP: 18/55 MP: 7/7
  4405 | D:5      | Entered Level 5 of the Dungeon
  4466 | D:5      | Noticed Blork the orc
  4474 | D:5      | Killed Blork the orc
  4485 | D:5      | Noticed Edmund
  4507 | D:5      | Killed Edmund
  5046 | D:5      | Found a white marble altar of Elyvilon.
  5149 | D:5      | Found a shimmering blue altar of Sif Muna.
  5184 | D:5      | Reached skill level 5 in Fighting
  5190 | D:5      | Reached skill level 5 in Axes
  5280 | D:6      | Reached XP level 8. HP: 44/62 MP: 8/8
  6438 | D:7      | Noticed Duvessa
  6441 | D:7      | Noticed Dowan
  6580 | D:8      | Reached skill level 6 in Axes
  6759 | D:8      | Noticed Prince Ribbit
  6776 | D:8      | Slain by Prince Ribbit

Illustrated notes

Levels and vault maps discovered:
D:1:      dpeg_arrival_ternary, layout_loops_cross
D:2:      minmay_chambers_of_twos, layout_basic, overflow_temple_1_default,
          chequers_ecumenical_altar_island
D:3:      layout_loops_ring, marbit_many_paths, old_standard_altar,
          lemuel_crystal_altar, kennysheep_generic_room_8
D:4:      layout_gridville, first_ration
D:5:      layout_rooms, old_standard_altar, elyvilon_altar_4, uniq_edmund,
          uniq_blork_the_orc
D:6:      layout_rooms
D:7:      minmay_bubble_buster, layout_cave_pods, minmay_temple_entry_wispy,
          grunt_ogre_cave, uniq_duvessa
D:8:      layout_rooms, serial_curves, eino_curves_03, eino_curves_04,
          uniq_prince_ribbit1, uniq_harold

Skill      XL: |  1  2  3  4  5  6  7  8 |
---------------+-------------------------+-----
Axes           | 2 3 4 5 6 |  6.2
Armour         | 3 4 |  4.9
Shields        | 3 4 |  4.9
Fighting       | 4 5 |  5.9

Action                   |  1- 3 |  4- 6 |  7- 9 || total
-------------------------+-------+-------+-------++-------
Melee: War axe           |   150 |    80 |       ||   230
       Short sword       |       |   141 |   223 ||   364
       Hand axe          |       |       |    15 ||    15
  Use: Scroll            |       |     4 |     3 ||     7
Armor: Scale mail        |   103 |    81 |   100 ||   284
Dodge: Dodged            |    75 |    69 |    88 ||   232
Block: Kite shield       |    95 |   130 |   153 ||   378

Table legend:
 A = Non-vault XP
 B = Vault XP
 C = Vault XP percentage of total XP
 D = Non-vault monster count
 E = Vault monster count
 F = Vault count percentage of total count
                 A         B        C        D         E       F
            +---------+---------+-------+---------+---------+-------
      Total |    2276 |     293 |  11.4 |     135 |      12 |   8.2
            +---------+---------+-------+---------+---------+-------
        D:1 |      49 |       0 |   0.0 |      28 |       0 |   0.0
        D:2 |      43 |      14 |  24.6 |      18 |       8 |  30.8
        D:3 |     253 |       4 |   1.6 |      36 |       2 |   5.3
        D:4 |     525 |       0 |   0.0 |      18 |       0 |   0.0
        D:5 |     223 |     275 |  55.2 |      12 |       2 |  14.3
        D:6 |     671 |       0 |   0.0 |      13 |       0 |   0.0
        D:7 |      59 |       0 |   0.0 |       3 |       0 |   0.0
        D:8 |     453 |       0 |   0.0 |       7 |       0 |   0.0
            +---------+---------+-------+---------+---------+-------
